 Dungeon Crawl Stone Soup version 0.20.1-1-g8b1a95d (webtiles) character file.

1297 Meenos the Cleaver (level 8, -8/57 HPs)
             Began as a Hill Orc Fighter on Nov 11, 2017.
             Was a Believer of Beogh.
             Mangled by ThereIsNoGod's ghost (14 damage)
             ... on level 6 of the Dungeon.
             The game lasted 01:05:04 (5894 turns).

Meenos the Cleaver (Hill Orc Fighter)               Turns: 5894, Time: 01:05:04

Health: -8/57      AC:  8    Str: 19 (21) XL:     8   Next: 56%
Magic:  8/8        EV:  9    Int:  7 (8)  God:    Beogh [**....]
Gold:   211        SH: 10    Dex:  9 (10) Spells: 7/7 levels left

rFire    . . .     SeeInvis .   a - +0 war axe
rCold    . . .     Gourm    .   c - +0 shield
rNeg     . . .     Faith    .   T - +1 leather armour {MR+}
rPois    .         Spirit   .   (no helmet)
rElec    .         Reflect  .   B - +2 cloak
rCorr    .         Harm     .   j - +0 pair of gloves
MR       ++...                  (no boots)
Stlth    +.........             (no amulet)
Regen    0.2/turn               (no ring)
MPRegen  0.2/turn               (no ring)

@: no status effects
A: hooves 1, frail 1, magic resistance 1
a: Smiting, Renounce Religion


You were on level 6 of the Dungeon.
You worshipped Beogh.
Beogh was pleased with you.
You were not hungry.

You visited 1 branch of the dungeon, and saw 6 of its levels.
You visited the Abyss 1 time.
You also visited: Sewer.

You collected 211 gold pieces.

Inventory:

Hand Weapons
 a - a +0 war axe (weapon)
 o - a +0 broad axe
 y - a +2 quarterstaff of chaos
 G - a +0 hunting sling
Missiles
 h - 16 bolts
 m - 10 poisoned needles
 r - 159 stones (quivered)
 s - 49 sling bullets
 t - 41 arrows
 C - 7 tomahawks
 E - 2 needles of confusion
 J - 4 poisoned tomahawks
Armour
 c - a +0 shield (worn)
 j - a +0 pair of gloves (worn)
 B - a +2 cloak (worn)
 F - a +0 chain mail
 T - a +1 leather armour of magic resistance (worn)
Wands
 b - a wand of paralysis (12/24)
 I - a wand of flame (23/48)
 K - a wand of disintegration (17/24)
 Q - a wand of lightning (15/15)
Scrolls
 e - a scroll of fog
 g - a scroll of recharging
 n - 2 scrolls of identify
 p - 2 scrolls of magic mapping {unknown}
 x - a scroll of amnesia {unknown}
 D - a scroll of immolation {unknown}
 H - 6 scrolls of remove curse
 L - 4 scrolls of teleportation
 M - a scroll of random uselessness {unknown}
 R - a scroll of fear {unknown}
Potions
 d - 2 potions of might
 i - a potion of curing
 l - a potion of haste {unknown}
 u - a potion of cancellation {unknown}
 v - a potion of blood
 w - 3 potions of degeneration
 z - a potion of berserk rage {unknown}
 A - 3 potions of flight {unknown}
 S - a potion of agility {unknown}
Books
 N - a book of Conjurations

   Spells                             Type                      Level
   a - Magic Dart                     Conjuration                  1
   b - Searing Ray                    Conjuration                  2
   c - Dazzling Spray                 Conjuration/Hexes            3
   d - Fulminant Prism                Conjuration/Hexes            4
   e - Force Lance                    Conjuration/Translocation    4
   f - Iskenderun's Mystic Blast      Conjuration                  4
 O - a book of Maledictions

   Spells                             Type                      Level
   a - Corona                         Hexes                        1
   b - Ensorcelled Hibernation        Hexes/Ice                    2
   c - Confuse                        Hexes                        3
   d - Tukima's Dance                 Hexes                        3
   e - Dazzling Spray                 Conjuration/Hexes            3
Comestibles
 f - 3 bread rations
 k - 2 royal jellies
 q - 2 meat rations
 P - 2 fruits


   Skills:
 - Level 3.6 Fighting
 + Level 10.7 Axes
 - Level 3.2 Armour
 + Level 7.4 Shields


You had 7 spell levels left.
You didn't know any spells.

Dungeon Overview and Level Annotations

Branches:
Dungeon (6/15)             Temple (0/1) D:4

Altars:
Hepliaklqana
Qazlal
The Shining One

Annotations:
D:6 ThereIsNoGod's ghost, novice TrFi


Innate Abilities, Weirdness & Mutations

You have large cloven feet.
You are frail. (-10% HP)
You are resistant to hostile enchantments. (MR+)


Message History

* * * LOW HITPOINT WARNING * * *
You feel better.
ThereIsNoGod's ghost closely misses you.
Aiming: Paralyse (will waste charges)
Press: ? - help, Shift-Dir - straight line, f - ThereIsNoGod's ghost
Aim: ThereIsNoGod's ghost (lightly damaged, chance to defeat MR: 19%) ThereIsNoGod's ghost resists with almost no effort.
Evoking this partially-identified wand wasted a few charges.
ThereIsNoGod's ghost hits you!
* * * LOW HITPOINT WARNING * * *
Aiming: Disintegrate
Press: ? - help, Shift-Dir - straight line, f/p - ThereIsNoGod's ghost
Aim: ThereIsNoGod's ghost (lightly damaged, chance to defeat MR: 36%) ThereIsNoGod's ghost easily resists.
This wand has 17 charges left.
You block ThereIsNoGod's ghost's attack.
It was a potion of degeneration.
There was something very wrong with that liquid.
You feel weakened.
You feel dopey.
You feel clumsy. ThereIsNoGod's ghost hits you!
You die...

#....#..#.......#
#....'..#.........
#....#..#.........
#....####.........
#.........######..
#.........# ..
#.........+
#.........#
#..@......#
#..W......#
#.........#
#.....#####
#.....# ......#
.......# ........#


You could see ThereIsNoGod's ghost.

Vanquished Creatures
  Eustachio (D:5)
  Purgy (Sewer)
  A phantom (D:4)
  3 ogres
  A sky beast (D:6)
  A centaur (D:4)
  A bullfrog zombie (D:5)
  2 hounds (D:4)
  A bullfrog skeleton (D:5)
  An iron imp (D:6)
  2 orc wizards (D:3)
  Crazy Yiuf (D:2)
  Jessica (D:2)
  An iguana (D:4)
  2 worker ants
  8 adders
  2 oozes
  3 worms
  4 dart slugs
  5 leopard geckos
  8 orcs
  6 giant cockroaches
  15 goblins
  14 hobgoblins
  13 jackals
  2 quokkas
  A ball python (D:3)
  8 bats
  9 frilled lizards
  3 goblin skeletons (D:6)
  A goblin zombie (D:6)
  2 hobgoblin zombies (D:6)
  12 kobolds
  A kobold skeleton (D:6)
  An orc skeleton (D:6)
  An orc zombie (D:6)
  A quokka skeleton (D:4)
  10 rats
  A bush (D:2)
  4 fungi (D:2)
  2 plants
157 creatures vanquished.

Notes
Turn   | Place    | Note
-------+----------+-------------------------------------------
     0 | D:1      | Meenos the Hill Orc Fighter began the quest for the Orb.
     0 | D:1      | Reached XP level 1. HP: 19/19 MP: 1/1
   109 | D:1      | Reached XP level 2. HP: 26/26 MP: 2/2
   206 | D:1      | Reached skill level 3 in Axes
   571 | D:1      | Reached XP level 3. HP: 18/31 MP: 3/3
   872 | D:1      | Reached skill level 4 in Axes
  1224 | D:2      | Reached XP level 4. HP: 39/39 MP: 4/4
  1374 | D:2      | Found a faded altar of an unknown god.
  1583 | D:2      | Noticed Jessica
  1592 | D:2      | Killed Jessica
  1592 | D:2      | Reached skill level 5 in Axes
  1607 | D:2      | Reached XP level 5. HP: 43/45 MP: 5/5
  1933 | D:2      | Found a runed door.
  1937 | D:2      | Noticed Crazy Yiuf
  1939 | D:2      | Cast into level 1 of the Abyss (Crazy Yiuf)
  2000 | Abyss:1  | Noticed a hellwing
  2020 | D:2      | Escaped the Abyss
  2022 | D:2      | Killed Crazy Yiuf
  2376 | D:3      | Reached skill level 6 in Axes
  2458 | D:3      | Became a worshipper of Beogh the Brigand
  2917 | D:3      | Reached skill level 5 in Shields
  3003 | D:3      | Reached XP level 6. HP: 48/51 MP: 6/6
  3552 | D:3      | Reached * piety under Beogh
  3857 | D:4      | Reached skill level 7 in Axes
  3908 | D:4      | Noticed a phantom
  3925 | D:4      | Reached XP level 7. HP: 19/57 MP: 7/7
  3977 | D:4      | Reached skill level 8 in Axes
  4163 | D:4      | Found a staircase to the Ecumenical Temple.
  4193 | D:4      | Reached skill level 9 in Axes
  4208 | D:4      | Found a glowing drain.
  4221 | Sewer    | Entered a sewer
  4538 | Sewer    | Noticed Purgy
  4556 | Sewer    | Killed Purgy
  4945 | D:4      | Reached XP level 8. HP: 36/64 MP: 8/8
  5215 | D:5      | Entered Level 5 of the Dungeon
  5233 | D:5      | Found a stormy altar of Qazlal.
  5413 | D:5      | Found a hazy altar of Hepliaklqana.
  5519 | D:5      | Noticed Eustachio
  5548 | D:5      | Killed Eustachio
  5548 | D:5      | Reached skill level 10 in Axes
  5720 | D:6      | Found a glowing golden altar of the Shining One.
  5725 | D:6      | Reached ** piety under Beogh
  5817 | D:6      | Gained mutation: You are frail. (-10% HP) [mutagenic meat]
  5818 | D:6      | Gained mutation: You have large cloven feet. [mutagenic meat]
  5819 | D:6      | Gained mutation: Your muscles are strong. (Str +2) [mutagenic meat]
  5820 | D:6      | Gained mutation: You are resistant to hostile enchantments. (MR+) [mutagenic meat]
  5821 | D:6      | Lost mutation: Your muscles are strong. (Str +2) [mutagenic meat]
  5884 | D:6      | Noticed ThereIsNoGod's ghost (novice TrFi)
  5894 | D:6      | Mangled by ThereIsNoGod's ghost

Skill      XL: |  1  2  3  4  5  6  7  8 |
---------------+-------------------------+-----
Axes           | 3 4 5 6 7 9 10 | 10.7
Shields        | 4 5 6 7 |  7.4
Fighting       | |  3.6
Armour         | |  3.2

Action                   |  1- 3 |  4- 6 |  7- 9 || total
-------------------------+-------+-------+-------++-------
Melee: War axe           |   112 |   321 |   219 ||   652
       Kick              |       |       |     1 ||     1
Throw: Stone             |       |       |     4 ||     4
Invok: Convert to Beogh  |       |     1 |       ||     1
Evoke: Wand              |       |       |     3 ||     3
  Use: Scroll            |       |     3 |     5 ||     8
       Potion            |       |       |     3 ||     3
 Stab: Distracted        |       |     1 |       ||     1
  Eat: Chunk             |     1 |     9 |     7 ||    17
       Fruit             |       |       |     2 ||     2
       Bread ration      |       |       |     1 ||     1
Armor: Scale mail        |    63 |    86 |       ||   149
       Chain mail        |       |    18 |    90 ||   108
       Leather armour    |       |       |     9 ||     9
Dodge: Dodged            |    44 |    78 |    46 ||   168
Block: Shield            |    12 |   135 |   122 ||   269
